 Dungeon Crawl Stone Soup version 0.28-a0-1518-gbe868bca14 (webtiles) character file.

Game seed: 2798230599334079514

2 anonymouscript the Skirmisher (level 1, 0/20 HPs)
             Began as a Hill Orc Berserker on Jan 16, 2022.
             Was a Follower of Trog.
             Slain by a hobgoblin (5 damage)
             ... on level 1 of the Dungeon.
             The game lasted 00:00:15 (73 turns).

anonymouscript the Skirmisher (Hill Orc Berserker)    Turns: 73, Time: 00:00:16

Health: 0/20       AC:  2    Str: 19    XL:     1   Next: 30%
Magic:  1/1        EV: 11    Int:  7    God:    Trog [*.....]
Gold:   15         SH:  0    Dex: 10    Spells: 0/0 levels left

rFire   . . .      SeeInvis .   a - +0 falchion
rCold   . . .      Faith    .   (no shield)
rNeg    . . .      Spirit   .   b - +0 animal skin
rPois   .          Reflect  .   (no helmet)
rElec   .          Harm     .   (no cloak)
rCorr   .          Rampage  .   (no gloves)
Will    .....                   (no boots)
Stlth   +.........              (no amulet)
HPRegen 0.06/turn               (no ring)
MPRegen 0.07/turn               (no ring)

@: no status effects
A: no striking features
a: Renounce Religion, Berserk


You were on level 1 of the Dungeon.
You worshipped Trog.
Trog was aware of your devotion.
You visited 1 branch of the dungeon, and saw 1 of its levels.

You collected 15 gold pieces.

Inventory:

Hand Weapons
 a - a +0 falchion (weapon)
Armour
 b - a +0 animal skin (worn)
Scrolls
 d - a scroll of fear {unknown}
Potions
 c - 2 potions of degeneration {unknown}


   Skills:
 + Level 3.7 Fighting
 + Level 3.3 Long Blades
 + Level 2.2 Armour
 + Level 1.5 Dodging


You couldn't memorise any spells.
You didn't know any spells.
Your spell library was empty.

Dungeon Overview and Level Annotations

Branches:
Dungeon (1/15)

Altars:


Message History

What are your orders? t - Shout!
Orders for allies: a - Attack new target. r - Retreat! s - Stop attacking. g - Guard the area. f - Follow me.
Anything else - Cancel.
Okay, then.
You now have 15 gold pieces.
You slash the rat!
You kill the rat!
Trog accepts your kill.
You see here 19 bolts.
d - a scroll labelled GUNOODGH ORAV A giant cockroach comes into view.
A ball python comes into view.
A hobgoblin comes into view.
The ball python hisses angrily.
The giant cockroach bites you.
You barely miss the giant cockroach. The giant cockroach barely misses you.
The ball python bites you but does no damage.
The ball python closely misses you. The hobgoblin hits you.
The giant cockroach closely misses you.
You barely miss the giant cockroach. The ball python bites you.
The ball python grabs you. The ball python constricts you.
The hobgoblin closely misses you. The giant cockroach misses you.
The ball python's grasp on you weakens, but your attempt to escape fails.
The ball python bites you. The ball python constricts you.
The giant cockroach bites you. The hobgoblin hits you.
The ball python bites you but does no damage.
The ball python constricts you.
You escape the ball python's grasp.
The hobgoblin barely misses you. The giant cockroach misses you.
The giant cockroach bites you but does no damage.
You closely miss the hobgoblin. The hobgoblin closely misses you.
You barely miss the hobgoblin. The hobgoblin hits you.
You closely miss the hobgoblin. The hobgoblin closely misses you.
You hit the hobgoblin but do no damage. The hobgoblin hits you.
* * * LOW HITPOINT WARNING * * *
The hobgoblin hits you.
You die...

#.##### ##.####.P.######
#.#### ########## #
####....# ......# #.....#.#
#.....# #####..(..#.#
#..#..# ..........#.#
#.....#.# ..........#.#
#.......#
......#####.#######....#..#
##.... #...@gSB..#.....#
#+### ############.#... .#
## . #


You could see a giant cockroach, a hobgoblin and a ball python.

Vanquished Creatures
  An endoplasm (D:1)
  A rat (D:1)
2 creatures vanquished.

Notes
Turn   | Place    | Note
-------+----------+-------------------------------------------
     0 | D:1      | anonymouscript the Hill Orc Berserker began the quest for
                  | the Orb.
     0 | D:1      | Reached XP level 1. HP: 19/19 MP: 1/1
    73 | D:1      | Slain by a hobgoblin

Illustrated notes

Levels and vault maps discovered:
D:1:      lightli_arrival_windingriver, layout_basic,
          chequers_ecumenical_altar_twisty, chequers_serial_rivers_micro_c

Action                   || total
-------------------------++-------
Melee: Falchion          ||     9
Armor: Animal skin       ||     3
Dodge: Dodged            ||    10

Table legend: (Time is in decaauts)
 A = Elapsed time spent in this place.
 B = Non-inter-level travel time spent in this place.
 C = Inter-level travel time spent in this place.
 D = Time resting spent in this place.
 E = Time spent auto-exploring this place.
 F = Levels seen in this place.
 G = Mean time per level.
                   A        B        C        D        E       F      G
               +--------+--------+--------+--------+--------+-----+--------+
         Total |     75 |     75 |      0 |      0 |     38 |   1 |   75.0 |
       Dungeon |     75 |     75 |      0 |      0 |     38 |   1 |   75.0 |
               +--------+--------+--------+--------+--------+-----+--------+

Top non-repeatable levels by time:
     D:1: 75 daAuts
